 Dungeon Crawl Stone Soup version 0.21-a0-404-g291f19a (webtiles) character file.

663 nikopol the Magician (level 7, 0/36 HPs)
             Began as a Deep Elf Fire Elementalist on Oct 28, 2017.
             Was an Initiate of Sif Muna.
             Slain by an orc
             ... wielding a +0 flail
              (3 damage)
             ... on level 3 of the Dungeon.
             The game lasted 00:15:10 (3987 turns).

nikopol the Magician (Deep Elf Fire Elementalist)   Turns: 3987, Time: 00:15:10

Health: 0/36       AC:  2    Str:  5    XL:     7   Next: 31%
Magic:  15/18      EV: 12    Int: 27    God:    Sif Muna [......]
Gold:   116        SH:  0    Dex: 15    Spells: 8/19 levels left

rFire    . . .     SeeInvis .   k - +0 dagger
rCold    . . .     Gourm    .   (no shield)
rNeg     . . .     Faith    .   a - +0 robe
rPois    .         Spirit   .   (no helmet)
rElec    .         Reflect  .   (no cloak)
rCorr    .         Harm     .   (no gloves)
MR       .....                  (no boots)
Stlth    ++........             (no amulet)
HPRegen  0.12/turn              s - +5 ring of intelligence
MPRegen  0.16/turn              (no ring)

@: very slightly contaminated, heavily drained
A: no striking features
a: Renounce Religion


You were on level 3 of the Dungeon.
You worshipped Sif Muna.
Sif Muna was noncommittal.
You were not hungry.

You visited 2 branches of the dungeon, and saw 5 of its levels.

You collected 116 gold pieces.

Inventory:

Hand Weapons
 k - a +0 dagger (weapon)
Armour
 a - a +0 robe (worn)
Jewellery
 s - a +5 ring of intelligence (left hand)
Scrolls
 d - 4 scrolls of remove curse {unknown}
 e - 2 scrolls of recharging {unknown}
 h - 6 scrolls of identify {unknown}
 i - 2 scrolls of magic mapping {unknown}
 p - 2 scrolls of teleportation {unknown}
Potions
 f - a potion of agility {unknown}
 g - a potion of curing {unknown}
 l - a potion of heal wounds {unknown}
 m - a potion of resistance {unknown}
 n - a potion of lignification {unknown}
 r - a potion of berserk rage {unknown}
Books
 b - a book of Flames

   Spells                             Type                      Level
   a - Flame Tongue                   Conjuration/Fire             1
   b - Throw Flame                    Conjuration/Fire             2
   c - Conjure Flame                  Conjuration/Fire             3
   d - Inner Flame                    Hexes/Fire                   3
   e - Sticky Flame                   Conjuration/Fire             4
   f - Fireball                       Conjuration/Fire             5
Comestibles
 c - 2 bread rations
 j - 2 meat rations
 o - a chunk of flesh
 q - 5 fruits


   Skills:
 + Level 0.3(0.0) Fighting
 + Level 3.1(1.8) Dodging
 + Level 3.0(1.6) Stealth
 + Level 6.5(5.0) Spellcasting
 + Level 4.3(2.8) Conjurations
 + Level 6.1(4.6) Fire Magic


You had 8 spell levels left.
You knew the following spells:

 Your Spells              Type           Power        Failure   Level  Hunger
a - Flame Tongue          Conj/Fire      ####.        1%          1    None
b - Throw Flame           Conj/Fire      ####..       2%          2    None
c - Conjure Flame         Conj/Fire      ####....     4%          3    #......
d - Fireball              Conj/Fire      ####......   38%         5    #####..


Dungeon Overview and Level Annotations

Branches:
Dungeon (4/15)             Temple (1/1) D:4

Altars:
Dithmenos
Fedhas
Gozag
Kikubaaqudgha
Makhleb
Qazlal
Ru
Sif Muna
Trog
Vehumet
Wu Jian
Xom
Yredelemnul
Zin
The Shining One

Annotations:
D:4 Pikel


Message History

Aiming: Flame Tongue
Press: ? - help, Shift-Dir - straight line, f/p - orc priest
Aim: an orc priest (almost dead)
The flame tongue hits the orc priest.
You kill the orc priest!
Sif Muna accepts your kill. Pikel waves a pair of manacles at you.
There is an escape hatch in the ceiling here.
The orc hits you with a flail!
* * * LOW HITPOINT WARNING * * *
A mysterious force pulls you upwards. The hatch slams shut behind you.
Casting: Flame Tongue
Confirm with . or Enter, or press ? or * to list all spells.
Aiming: Flame Tongue
Press: ? - help, Shift-Dir - straight line, f - orc
Aim: an orc, wielding a flail The flame tongue hits the orc.
The orc is heavily wounded.
The orc hits you with a flail.
You die...

#...######...# #.........[..#
#...#...##...#
#.)..##......##
#####...##...#
#....##........ ###........#
#....##........ #.........##
#....##........
#.........###########........
#...........##.....#######...
#...........##.....# #...
#....####...@......#### #...
#......##....o........# #...
###...)####....####...# #...
#.....).[.......#...#######
#.##########....#..........
#.#.8..8.8##..>.###........
###8......#................
#.......#####......###...
#8.........8#......# #...


You could see an orc.

Vanquished Creatures
  3 slaves (D:4)
  A sky beast (D:4)
  A phantom (D:4)
  An ogre (D:4)
  An ice beast (D:3)
  An orc priest (D:4)
  A centaur skeleton (D:4)
  2 orc wizards (D:4)
  2 worker ants (D:4)
  A gnoll (D:1)
  4 adders
  An ooze (D:2)
  2 worms (D:4)
  4 dart slugs (D:2)
  2 leopard geckos
  9 orcs
  4 giant cockroaches (D:1)
  8 goblins
  7 hobgoblins
  8 jackals
  3 quokkas
  5 bats
  6 frilled lizards
  9 kobolds
  10 rats
96 creatures vanquished.

Notes
Turn   | Place    | Note
-------+----------+-------------------------------------------
     0 | D:1      | nikopol the Deep Elf Fire Elementalist began the quest for the Orb.
     0 | D:1      | Reached XP level 1. HP: 10/10 MP: 6/6
   208 | D:1      | Reached XP level 2. HP: 13/15 MP: 0/8
   212 | D:1      | Learned a level 2 spell: Throw Flame
   533 | D:1      | Reached XP level 3. HP: 19/19 MP: 1/10
   538 | D:1      | Learned a level 3 spell: Conjure Flame
  1193 | D:2      | Found an ancient bone altar of Kikubaaqudgha.
  1253 | D:2      | Reached XP level 4. HP: 19/24 MP: 2/12
  1918 | D:3      | Noticed an ice beast
  1926 | D:3      | Killed an ice beast
  1926 | D:3      | Reached XP level 5. HP: 28/28 MP: 5/14
  1990 | D:3      | Learned a level 5 spell: Fireball
  2185 | D:3      | Found a shimmering altar of Xom.
  2187 | D:3      | Found an opulent altar of Gozag.
  2187 | D:3      | Found an ornate altar of the Wu Jian Council.
  2189 | D:3      | Found a shattered altar of Ashenzari.
  2189 | D:3      | Found an ornate altar of the Wu Jian Council.
  2189 | D:3      | Found a radiant altar of Vehumet.
  2458 | D:3      | Found a bloodstained altar of Trog.
  2667 | D:4      | Noticed a sky beast
  2687 | D:4      | Killed a sky beast
  2687 | D:4      | Reached skill level 5 in Spellcasting
  2687 | D:4      | Reached skill level 5 in Fire Magic
  2687 | D:4      | Reached XP level 6. HP: 23/32 MP: 4/16
  3113 | D:4      | Reached XP level 7. HP: 26/36 MP: 4/18
  3830 | D:4      | Found a staircase to the Ecumenical Temple.
  3841 | Temple   | Entered the Ecumenical Temple
  3895 | Temple   | Became a worshipper of Sif Muna the Loreminder
  3947 | D:4      | Noticed Pikel
  3987 | D:3      | Slain by an orc

Vault maps used:
D:1:      mrwooster_arrival_statue_3
D:2:      kiku_gazebo_pond_becter, corexii_corridor_pit, st_stairs_6,
          minmay_tripent
D:3:      lemuel_doored_altar, minmay_door_square, doesnt_xom_only_xom
D:4:      minmay_temple_entry_trees, uniq_pikel, uniq_sigmund
Temple:   regret_index_temple_waves

Skill      XL: |  1  2  3  4  5  6 |
---------------+-------------------+-----
Spellcasting   | 4 5 6 |  6.5
Dodging        | 3 |  3.1
Fire Magic     | 4 5 6 |  6.1
Conjurations   | 3 4 |  4.3
Stealth        | 3 |  3.0
Fighting       | |  0.3

Action                   |  1- 3 |  4- 6 |  7- 9 || total
-------------------------+-------+-------+-------++-------
Melee: Dagger            |       |       |     1 ||     1
 Cast: Flame Tongue      |    79 |   100 |    42 ||   221
       Conjure Flame     |       |     4 |     3 ||     7
       Throw Flame       |       |     4 |     1 ||     5
  Eat: Chunk             |     1 |     5 |     3 ||     9
Armor: Robe              |     5 |     5 |       ||    10
Dodge: Dodged            |    31 |    15 |     4 ||    50

Table legend:
 A = Spawn XP
 B = Non-spawn XP
 C = Spawn XP percentage of total XP
 D = Spawn monster count
 E = Non-spawn monster count
 F = Spawn count percentage of total count
 G = Total turns spent on level
                    A         B        C        D         E        F      G
               +---------+---------+-------+---------+---------+-------+---------
         Total |       0 |     948 |   0.0 |       0 |      93 |   0.0 |  3987
               +---------+---------+-------+---------+---------+-------+---------
           D:1 |       0 |      77 |   0.0 |       0 |      39 |   0.0 |  1188
           D:2 |       0 |      84 |   0.0 |       0 |      23 |   0.0 |   645
           D:3 |       0 |     147 |   0.0 |       0 |       9 |   0.0 |   798
           D:4 |       0 |     640 |   0.0 |       0 |      22 |   0.0 |  1256
               +---------+---------+-------+---------+---------+-------+---------
